 Dungeon Crawl Stone Soup version 0.26.0-10-g1f06aea511 (webtiles) character file.

Game seed: 11599584118079823974

9184 MajorAdolf the Prestidigitator (level 11, -1/159 HPs)
             Began as a Naga Wanderer on Jan 17, 2021.
             Was an Initiate of Gozag.
             Slain by a cyan ugly thing (15 damage)
             ... on level 10 of the Dungeon.
             The game lasted 00:20:42 (12960 turns).

MajorAdolf the Prestidigitator (Naga Wanderer)     Turns: 12960, Time: 00:20:43

Health: -1/159     AC: 19    Str: 17    XL:     11   Next: 42%
Magic:  11/11      EV: 10    Int: 12    God:    Gozag
Gold:   385        SH:  0    Dex: 12    Spells: 10/10 levels left

rFire    . . .     SeeInvis +   A - +1 spear (venom)
rCold    + . .     Faith    .   (no shield)
rNeg     . . .     Spirit   .   b - +2 scale mail
rPois    +         Reflect  .   f - +2 helmet
rElec    .         Harm     .   i - +1 cloak
rCorr    .         Rampage  .   F - +2 pair of gloves
Will     +....                  (no barding)
Stlth    ..........             j - amulet of regeneration
HPRegen  0.76/turn              r - ring of protection from cold
MPRegen  0.12/turn              G - +4 ring of slaying

@: berserking, quick
A: large, see invisible, deformed body, poison resistance, slowness 2, spit
poison 1, AC +3
a: Spit Poison, Renounce Religion, Potion Petition, Call Merchant, Bribe Branch


You were on level 10 of the Dungeon.
You worshipped Gozag.
Gozag was aware of your devotion.
You visited 1 branch of the dungeon, and saw 11 of its levels.

You collected 1851 gold pieces.
You spent 612 gold pieces at shops.
You paid 854 gold pieces to Gozag.

Inventory:

Hand Weapons
 k - a +2 mace of protection
 A - a +1 spear of venom (weapon)
 D - a +2 dagger of flaming
 J - a +1 dagger of venom
Missiles
 H - 46 bolts
Armour
 b - a +2 scale mail (worn)
 f - a +2 helmet (worn)
 i - a +1 cloak (worn)
 y - a +1 robe of willpower
 F - a +2 pair of gloves (worn)
Jewellery
 j - an amulet of regeneration (around neck)
 n - an uncursed ring of stealth
 p - a +6 ring of intelligence
 r - a ring of protection from cold (left hand)
 s - an uncursed ring of fire
 G - a +4 ring of slaying (right hand)
Wands
 a - a wand of enslavement (4)
 c - a wand of iceblast (11)
 M - a wand of digging (11)
 O - a wand of polymorph (7)
Scrolls
 g - 2 scrolls of fog
 h - 2 scrolls of remove curse
 m - 2 scrolls of blinking
 w - 5 scrolls of teleportation
 B - a scroll of enchant weapon
 C - a scroll of holy word
 E - 4 scrolls of identify
 I - a scroll of enchant armour
 L - a scroll of amnesia
 N - a scroll of magic mapping {unknown}
Potions
 e - a potion of ambrosia {unknown}
 l - a potion of curing
 o - 2 potions of might
 q - 4 potions of brilliance
 t - 4 potions of flight
 u - 4 potions of invisibility {unknown}
 v - a potion of heal wounds {unknown}
 x - 4 potions of attraction {unknown}
 z - 3 potions of haste {unknown}
 K - a potion of lignification
 Q - a potion of degeneration {unknown}
Miscellaneous
 P - a phantom mirror (inert)


   Skills:
 + Level 9.0 Fighting
 - Level 1.0 Axes
 - Level 1.7 Crossbows
 + Level 7.7 Armour
 + Level 7.2 Dodging
 - Level 3.0 Stealth
 * Level 9.1 Evocations


You had 10 spell levels left.
You didn't know any spells.
Your spell library contained the following spells:

 Spells                   Type           Power        Failure   Level
 Corona                   Hex            0%           67%         1
 Ensorcelled Hibernation  Hex/Ice        0%           82%         2
 Confusing Touch          Hex            0%           96%         3
 Dazzling Flash           Conj/Hex       0%           96%         3
 Tukima's Dance           Hex            0%           96%         3


Dungeon Overview and Level Annotations

Branches:
Dungeon (11/15)            Temple (0/1) D:7            Lair (0/6) D:10
    Orc: D:9-12

Altars:
Ashenzari
Gozag
Makhleb
Nemelex Xobeh
Sif Muna

Shops:
D:8 ?::?   D:10 }

Portals:
Trove: D:10 (show abyssal rune of Zot)

Annotations:
D:5 1 runed translucent door, exclusion: 2 doors, IHuginn's ghost, amateur HaHu


Innate Abilities, Weirdness & Mutations

You cannot wear boots.
Your serpentine skin is tough. (AC +3)
You have supernaturally acute eyesight. (SInv)
Armour fits poorly on your strangely shaped body.
Your system is resistant to poisons. (rPois)
You cover ground very slowly.
You can spit poison.


Message History

Unknown command.
A red film seems to cover your vision as you go berserk!
You feel yourself moving faster!
You feel mighty!
The bullfrog hits you but does no damage.
The cyan ugly thing trunk-slaps you.
* * * LOW HITPOINT WARNING * * *
The cyan ugly thing shocks you!
* * * LOW HITPOINT WARNING * * *
The bullfrog closely misses you.
You closely miss the cyan ugly thing.
The cyan ugly thing is severely wounded.
The bullfrog barely misses you.
Unknown command.
You puncture the cyan ugly thing!
The cyan ugly thing is almost dead.
The cyan ugly thing trunk-slaps you.
* * * LOW HITPOINT WARNING * * *
The cyan ugly thing shocks you!
You die...
Your body crumbles into a pile of gold.

...........#'.##.....#
..........##...##....#
...........##...##...#
...........###...##'##
######'##### ##...###
#.### ##...# #...## ##(∩#
###..# ###########
######'## #.@###....#
#....<..# #.Fu#.....#
####.......####.........#
...'.......'.##.........#
####.......#.##...(.....#
# #...)...#.##......>..#
# #.......#..#.........#
#.....).##.#.........#
#....................#


You could see a cyan ugly thing (very poisoned) and a bullfrog.

Vanquished Creatures
  2 two-headed ogres
  An unseen horror (D:10)
  Pikel (D:9)
  An ugly thing (D:6)
  A gargoyle (D:10)
  A troll (D:10)
  A hornet (D:9)
  2 wyverns
  3 yaks (D:9)
  A wraith (D:6)
  4 orc warriors
  2 ice beasts
  An eye of draining (D:6)
  4 sky beasts
  A black bear (D:10)
  3 phantoms
  4 ogres
  6 centaurs
  3 big kobolds
  8 bullfrogs
  2 scorpions
  A bullfrog zombie (D:5)
  A quasit (D:10)
  4 jellies
  8 orc priests
  5 hounds
  2 bullfrog skeletons
  11 orc wizards
  3 centaur skeletons
  2 iguanas
  14 worker ants
  A killer bee zombie (D:6)
  A hound skeleton (D:8)
  2 worker ant zombies (D:6)
  Robin (D:3)
  A howler monkey zombie (D:7)
  11 adders
  2 shadow imps
  2 white imps
  2 ufetubi (D:6)
  4 oozes
  An adder zombie (D:7)
  2 worms
  4 dart slugs
  4 leopard geckos
  26 orcs
  15 bats
  3 giant cockroaches
  11 goblins
  13 hobgoblins
  13 jackals
  5 quokkas
  4 frilled lizards
  25 kobolds
  2 leopard gecko skeletons
  2 quokka skeletons
  4 rats
264 creatures vanquished.

Vanquished Creatures (others)
  11 plants
11 creatures vanquished.

Grand Total: 275 creatures vanquished

Notes
Turn   | Place    | Note
-------+----------+-------------------------------------------
     0 | D:1      | MajorAdolf the Naga Wanderer began the quest for the Orb.
     0 | D:1      | MajorAdolf set off with the following items: a +0 hand
                  | crossbow, a +2 scale mail, 24 bolts, a potion of
                  | lignification, a +0 dagger
     0 | D:1      | Reached XP level 1. HP: 19/19 MP: 1/1
   170 | D:1      | Reached XP level 2. HP: 26/26 MP: 2/2
   425 | D:1      | Reached skill level 1 in Dodging
   425 | D:1      | Reached XP level 3. HP: 19/33 MP: 3/3
  1174 | D:2      | Reached XP level 4. HP: 39/42 MP: 4/4
  1812 | D:2      | Reached XP level 5. HP: 49/49 MP: 5/5
  2478 | D:3      | Found a shimmering blue altar of Sif Muna.
  2649 | D:3      | Noticed Robin
  2713 | D:3      | Killed Robin
  3344 | D:3      | Reached XP level 6. HP: 31/57 MP: 6/6
  4546 | D:4      | Reached XP level 7. HP: 66/66 MP: 7/7
  5790 | D:5      | Entered Level 5 of the Dungeon
  5886 | D:5      | Found a runed translucent door.
  5888 | D:5      | Noticed IHuginn's ghost (amateur HaHu)
  5913 | D:5      | Reached skill level 5 in Fighting
  6053 | D:5      | Found an opulent altar of Gozag.
  6086 | D:5      | Became a worshipper of Gozag Ym Sagoz the Greedy
  6738 | D:5      | Reached XP level 8. HP: 62/75 MP: 8/8
  7116 | D:6      | Reached skill level 5 in Armour
  7253 | D:6      | Noticed a wraith
  7275 | D:6      | Noticed a purple ugly thing
  7278 | D:6      | Killed a wraith
  7279 | D:6      | Reached skill level 1 in Evocations
  7569 | D:7      | Found a staircase to the Ecumenical Temple.
  7852 | D:8      | Reached skill level 5 in Dodging
  7852 | D:8      | Reached XP level 9. HP: 85/85 MP: 9/9
  8132 | D:8      | Found Dazxaolo's Book Emporium.
  8297 | D:8      | Found Ecoi's Book Boutique.
  8429 | D:8      | Found Sueqadgho's Magic Scroll Shoppe.
  8432 | D:8      | Bought a scroll of teleportation for 36 gold pieces
  8432 | D:8      | Bought a scroll of enchant armour for 90 gold pieces
  8432 | D:8      | Bought a scroll of enchant armour for 90 gold pieces
  8432 | D:8      | Bought a scroll of enchant weapon for 90 gold pieces
  8432 | D:8      | Bought a scroll of fog for 24 gold pieces
  8432 | D:8      | Bought a scroll of holy word for 90 gold pieces
  8901 | D:8      | Found Bokkessy's Magic Scroll Shop.
  8906 | D:8      | Bought a scroll of teleportation for 48 gold pieces
  8906 | D:8      | Bought a scroll of teleportation for 48 gold pieces
  8906 | D:8      | Bought 2 scrolls of teleportation for 96 gold pieces
  9227 | D:7      | Found a burning altar of Makhleb.
  9603 | D:6      | Reached skill level 5 in Evocations
  9625 | D:6      | Killed a purple ugly thing
  9688 | D:6      | Reached XP level 10. HP: 81/94 MP: 10/10
  9996 | D:6      | Found a sparkling altar of Nemelex Xobeh.
  9997 | D:6      | Found a broken altar of Ashenzari.
 10370 | D:9      | Noticed a two-headed ogre
 10385 | D:9      | Killed a two-headed ogre
 10823 | D:9      | Noticed Pikel
 11041 | D:9      | Killed Pikel
 11265 | D:10     | Entered Level 10 of the Dungeon
 11720 | D:10     | Found a staircase to the Lair.
 11775 | D:10     | Noticed an unseen horror
 11784 | D:10     | Killed an unseen horror
 11785 | D:10     | Reached XP level 11. HP: 86/104 MP: 11/11
 12082 | D:10     | Found a portal to a secret trove of treasure.
 12606 | D:10     | Noticed a two-headed ogre
 12629 | D:10     | Killed a two-headed ogre
 12937 | D:11     | Noticed a cyan ugly thing
 12960 | D:10     | Slain by a cyan ugly thing

Illustrated notes

Levels and vault maps discovered:
D:1:      tarquinn_simple_flora_water_a, layout_rooms, minmay_tetromino_l2
D:2:      layout_loops_ring, kennysheep_cross_room
D:3:      layout_basic, old_standard_altar, uniq_robin
D:4:      layout_layer_cave, grunt_tough_drop
D:5:      cheibrodos_two_vegetables, layout_basic, ebering_ghost_sewer_d,
          nicolae_gozag_seed_capital
D:6:      layout_cave_pools, gammafunk_temple_overflow_statue, st_stairs_12,
          roderic_batcave
D:7:      layout_basic, kennysheep_little_box, minmay_temple_entry_arrows
D:8:      layout_basic, serial_shops, nicolae_shop_crystal,
          nicolae_shop_behind_doors, shop, shop
D:9:      layout_big_octagon, uniq_pikel
D:10:     layout_roguey, dpeg_oklobed_lair, nicolae_trove_entry_diagonal
D:11:     layout_irregular_city

Skill      XL: |  1  2  3  4  5  6  7  8  9 10 11 |
---------------+----------------------------------+-----
Dodging        | 1 2 3 4 5 6 7 |  7.2
Fighting       | 3 4 5 6 7 8 9 |  9.0
Armour         | 3 4 5 6 7 |  7.7
Evocations     | 3 5 8 9 |  9.1
Axes           | |  1.0
Crossbows      | |  1.7
Stealth        | |  3.0

Action                   |  1- 3 |  4- 6 |  7- 9 | 10-12 || total
-------------------------+-------+-------+-------+-------++-------
Melee: Hand axe          |   120 |   309 |   214 |       ||   643
       Spear             |       |       |   364 |   382 ||   746
       Dagger            |       |       |       |    12 ||    12
       Mace              |       |       |       |    17 ||    17
Invok: Call Merchant     |       |       |       |     1 ||     1
 Abil: Spit Poison       |     6 |    24 |     7 |     1 ||    38
Evoke: Wand              |       |       |    14 |     1 ||    15
       Phantom mirror    |       |       |       |     1 ||     1
  Use: Potion            |       |     1 |     1 |     1 ||     3
       Scroll            |       |    13 |     5 |     4 ||    22
 Stab: Sleeping          |     1 |     1 |       |       ||     2
       Distracted        |       |       |       |     1 ||     1
Armor: Scale mail        |    93 |   164 |   331 |   309 ||   897
       Skin              |       |     8 |       |       ||     8
Dodge: Dodged            |    61 |   170 |   306 |   259 ||   796
